cohdb
Replays
Latest Replays
All Replays
Popular Replays
Top Player Replays
Match Explorer
How It Works
Community
CoH3 Stats
Reddit
Sign in to upload your games and track your stats! →
Sign in with Steam
Match 44254160
Unlisted
Match 44254160
Overview
Messages
Build Orders
End
Kettenkrad Recon Vehicle
Construct Infanterie Kompanie
MG 42 Machine Gun Team
Grenadier Squad
GrW 34 Mortar Team
Grenadier Squad
Construct Panzergrenadier Kompanie
Selects Mechanized Battlegroup
Selects Mobile Repair Stations
251 Medium Carrier
Construct Panzer Kompanie
Selects Wespe Self-propelled Artillery
Stoßtruppen Squad
Wespe Self-propelled Artillery
Wespe Self-propelled Artillery
Panzer IV Medium Tank
Selects Raid Package
Panzer IV Medium Tank
BUGII
Antonslayer
P0ort13
Morsezeichen
Bish Bash Bosh
Stoottroeper
Spoenky #6310
MoriMusic
0
0
Comments
sign in to comment!
No comments posted yet!